 Dungeon Crawl Stone Soup version 0.19-a0-1670-gc28a5d9 (webtiles) character file.

15952 st0uf the Transmogrifier (level 12, -3/100 HPs)
             Began as a Grey Draconian Transmuter on Sept 21, 2016.
             Was a High Priest of Okawaru.
             Slain by an orc knight
             ... wielding a +0 great sword
              (14 damage)
             ... on level 1 of the Orcish Mines.
             The game lasted 01:10:00 (14410 turns).

st0uf the Transmogrifier (DrTm)                    Turns: 14410, Time: 01:10:00

Health: -3/100     AC: 14    Str: 14    XL:     12   Next: 5%
Magic:  20/24      EV: 16    Int: 18    God:    Okawaru [*****.]
Gold:   723        SH:  0    Dex: 11    Spells: 4 memorised, 16 levels left

rFire  . . .     SeeInvis +       - Unarmed
rCold  . . .     Gourm    .     (armour unavailable)
rNeg   . . .     Faith    .     (shield currently unavailable)
rPois  .         Spirit   .     (helmet restricted)
rElec  .         Dismiss  .     (no cloak)
rCorr  .         Reflect  .     (gloves currently unavailable)
MR     .....     Harm     .     E - +0 pair of boots
Stlth  +++.......               (no amulet)
                                F - ring of see invisible
                                o - ring of stealth

@: blade hands, heroism
A: walk through water, unfitting armour, unbreathing, cold-blooded, AC +13
a: End Transformation, Heroism, Finesse, Renounce Religion


You were on level 1 of the Orcish Mines.
You worshipped Okawaru.
Okawaru was extremely pleased with you.
You were hungry.
You had blades for hands.
You visited 3 branches of the dungeon, and saw 14 of its levels.

You collected 757 gold pieces.
You spent 34 gold pieces at shops.

Inventory:

Missiles
 a - 31 arrows
Armour
 n - a +2 pair of gloves of strength (melded)
 E - a +0 pair of boots (worn)
 O - the cursed -2 cloak of a ziggurat {rPois rN+ Str+5 Dex-3}
   (You found it on level 10 of the Dungeon)

   It affects your strength (+5).
   It affects your dexterity (-3).
   It protects you from poison.
   It protects you from negative energy.
   It has a curse placed upon it.
 P - a +1 buckler of positive energy
Jewellery
 o - a ring of stealth (left scythe-like blade)
 F - a ring of see invisible (right scythe-like blade)
Wands
 w - a wand of slowing (29/48)
 H - a wand of slowing (23/48)
 J - a wand of paralysis (9/24)
 K - a wand of random effects (26/48)
 M - a wand of flame (43/48)
 N - a wand of iceblast (11/15)
 Q - a wand of digging (12/24)
Scrolls
 e - 4 scrolls of enchant weapon {unknown}
 g - 3 scrolls of amnesia {unknown}
 i - 12 scrolls of identify
 k - 5 scrolls of fog {unknown}
 m - 3 scrolls of enchant armour {unknown}
 u - 2 scrolls of recharging {unknown}
 y - 5 scrolls of remove curse {unknown}
 z - 2 scrolls of teleportation {unknown}
 B - 2 scrolls of blinking {unknown}
 D - a scroll of immolation {unknown}
 I - 2 scrolls of noise {unknown}
 L - a scroll of vulnerability {unknown}
Potions
 d - 5 potions of curing
 f - 2 potions of heal wounds
 j - a potion of lignification {unknown}
 l - 2 potions of brilliance {unknown}
 q - 2 potions of flight {unknown}
 r - 2 potions of agility {unknown}
 s - 2 potions of might {unknown}
 v - a potion of ambrosia {unknown}
 x - a potion of resistance {unknown}
 A - 2 potions of haste
 S - a potion of degeneration {unknown}
Books
 b - a book of Changes

   Spells                             Type                      Level
   a - Beastly Appendage              Transmutation                1
   b - Sticks to Snakes               Transmutation                2
   c - Spider Form                    Transmutation/Poison         3
   d - Ice Form                       Ice/Transmutation            4
   e - Blade Hands                    Transmutation                5
 p - a book of Power

   Spells                             Type                      Level
   a - Fulminant Prism                Conjuration/Hexes            4
   b - Iskenderun's Mystic Blast      Conjuration                  4
   c - Venom Bolt                     Conjuration/Poison           5
   d - Bolt of Magma                  Conjuration/Fire/Earth       5
   e - Iron Shot                      Conjuration/Earth            6
   f - Orb of Destruction             Conjuration                  7
   g - Spellforged Servitor           Conjuration/Summoning        7
Comestibles
 c - 5 bread rations
 h - 6 meat rations
 t - 2 beef jerkies
 C - 8 fruits
 G - 2 slices of pizza


   Skills:
 * Level 7.5(12.5) Fighting
 + Level 4.4(9.4) Dodging
 + Level 9.1(14.1) Unarmed Combat
 * Level 8.1 Spellcasting
 + Level 12.3 Transmutations
 * Level 5.9 Invocations


You had 16 spell levels left.
You knew the following spells:

 Your Spells              Type           Power        Failure   Level  Hunger
a - Beastly Appendage     Tmut           ######       6%          1    None
b - Sticks to Snakes      Tmut           ######..     8%          2    None
c - Spider Form           Tmut/Pois      ####......   24%         3    #......
d - Blade Hands           Tmut           ######....   21%         5    #####..


Dungeon Overview and Level Annotations

Branches:
Dungeon (11/15)            Temple (1/1) D:7            Lair (0/6) D:11
    Orc (2/2) D:11
    Elf: Orc:2

Altars:
Ashenzari
Cheibriados
Dithmenos
Elyvilon
Gozag
Kikubaaqudgha
Makhleb
Nemelex Xobeh
Okawaru
Ru
Sif Muna
Trog
Uskayaw
Vehumet
Xom
Zin
The Shining One

Shops:
D:10 (**:


Innate Abilities, Weirdness & Mutations

You can walk through water.
Your dull iron-grey scales are very hard. (AC +13)
Your body does not fit into most forms of armour.
You can survive without breathing.
You are cold-blooded and may be slowed by cold attacks.


Message History

Okawaru accepts your kill.
The orc knight hits you with a great sword!!
* * * LOW HITPOINT WARNING * * *
Unknown command.
You hit the orc knight but do no damage.
Unknown command.
You slice the orc knight!! You slash the orc knight!
The orc knight is severely wounded.
The orc knight misses you.
You barely miss the orc knight.
The orc knight is severely wounded.
You hit the orc knight.
The orc knight is severely wounded.
The orc knight hits you with a great sword.
* * * LOW HITPOINT WARNING * * *
Unknown command.
You slash the orc knight! You tail-slap the orc knight.
The orc knight is almost dead.
The orc knight hits you with a great sword!
You die...

##.## #...# ##### #...###
##...###..##.## ##
#.....#...#...# #.##
#...##..#...# ### ...#
##.........o####.##..####
#..<...)[..@.#........#.###
#...#...[.)[.........#....##
##.....[...................#
#..........................
#....[.....................
#.........#.....#....#.....
#..#......#.#...#.....##..#
#...#............##.#..>...#
#...#............#[.)[)....#


You could see an orc knight.

Vanquished Creatures
  A centaur warrior (Orc:1)
  An unseen horror (D:11)
  An orc knight (Orc:1)
  A cyclops (D:11)
  A manticore (D:11)
  An ugly thing (D:11)
  2 kobold demonologists (D:11)
  3 trolls
  Grinder (D:6)
  4 slime creatures (D:8)
  A shadow (D:11)
  A hippogriff (D:10)
  13 yaks
  A vampire (D:11)
  2 hungry ghosts
  Edmund (D:5)
  A mottled dragon (D:11)
  3 wargs (Orc:1)
  Duvessa (D:5)
  A water moccasin (D:11)
  12 orc warriors
  3 sky beasts
  2 ice beasts
  2 black bears
  A phantom (D:8)
  2 wasps (D:11)
  A necrophage (D:11)
  8 ogres
  2 wolves (D:8)
  3 centaurs
  3 big kobolds
  A crocodile (D:8)
  6 bullfrogs
  Dowan (D:5)
  A wyvern zombie (D:9)
  A water moccasin skeleton (D:4)
  A scorpion (D:4)
  7 killer bees
  10 wights
  6 howler monkeys
  2 bullfrog zombies
  2 crimson imps
  A gnoll shaman (D:7)
  4 hounds
  2 jellies
  13 orc wizards
  2 quasits
  8 orc priests
  2 centaur skeletons
  An iron imp (D:7)
  Ijyb (D:2)
  5 iguanas
  6 worker ants
  Terence (D:2)
  A hound zombie (D:6)
  5 hound skeletons
  2 worker ant zombies
  15 gnolls
  8 adders
  3 shadow imps
  3 oozes
  An adder zombie (D:5)
  An adder skeleton (D:6)
  2 worms
  3 dart slugs
  11 leopard geckos
  36 orcs
  A ball python (D:3)
  8 bats
  3 bat zombies (D:3)
  7 giant cockroaches
  7 goblins
  9 hobgoblins
  8 jackals
  7 quokkas
  4 frilled lizards
  10 kobolds
  A leopard gecko skeleton (D:5)
  A rat (D:4)
  A rat zombie (D:3)
322 creatures vanquished.

Vanquished Creatures (collateral kills)
  A hill giant (D:11)
  A dream sheep (D:9)
  Grum (D:8)
  An orc warrior (D:10)
  3 ogres
  A big kobold (D:9)
  A scorpion (D:5)
  A bullfrog zombie (D:9)
  4 orc priests
  A bullfrog skeleton (D:5)
  An orc wizard (Orc:1)
  A hound skeleton (D:4)
  2 gnolls (D:5)
  An adder skeleton (D:4)
  3 orcs (Orc:1)
  3 kobolds
26 creatures vanquished.

Vanquished Creatures (others)
  2 plants (D:9)
2 creatures vanquished.

Grand Total: 350 creatures vanquished

Notes
Turn   | Place    | Note
-------+----------+-------------------------------------------
     0 | D:1      | st0uf the Draconian Transmuter began the quest for the Orb.
     0 | D:1      | Reached XP level 1. HP: 16/16 MP: 3/3
   182 | D:1      | Reached XP level 2. HP: 21/23 MP: 3/5
   334 | D:1      | Reached skill level 3 in Transmutations
  1048 | D:1      | Learned a level 2 spell: Sticks to Snakes
  1054 | D:2      | Reached XP level 3. HP: 23/28 MP: 2/6
  1125 | D:2      | Reached skill level 4 in Transmutations
  1154 | D:2      | Reached XP level 4. HP: 34/35 MP: 5/7
  1259 | D:2      | Found a shimmering altar of Xom.
  1460 | D:2      | Noticed Ijyb
  1462 | D:2      | Noticed Terence
  1490 | D:2      | Killed Ijyb
  1524 | D:2      | Killed Terence
  1524 | D:2      | Reached skill level 5 in Transmutations
  1939 | D:2      | Learned a level 3 spell: Spider Form
  2057 | D:3      | Reached XP level 5. HP: 40/40 MP: 6/8
  2378 | D:3      | Found a sparkling altar of Nemelex Xobeh.
  2456 | D:3      | Found an ancient bone altar of Kikubaaqudgha.
  2781 | D:4      | Noticed an ogre
  2792 | D:4      | Reached skill level 6 in Transmutations
  2810 | D:4      | Killed an ogre
  2810 | D:4      | Reached XP level 6. HP: 27/47 MP: 1/9
  2929 | D:4      | Noticed an orc warrior
  3195 | D:4      | Killed an orc warrior
  3195 | D:4      | Reached skill level 7 in Transmutations
  3578 | D:4      | Found a shimmering altar of Xom.
  3791 | D:4      | Your scales start taking on a dull iron-grey colour.
  3791 | D:4      | Reached XP level 7. HP: 45/52 MP: 4/10
  3791 | D:4      | Gained mutation: You can survive without breathing. [Grey Draconian growth]
  3799 | D:4      | Reached skill level 8 in Transmutations
  4536 | D:5      | Entered Level 5 of the Dungeon
  4536 | D:5      | Found a shadowy altar of Dithmenos.
  4546 | D:5      | Noticed Grinder
  4734 | D:5      | Reached skill level 9 in Transmutations
  5115 | D:5      | Noticed Edmund
  5138 | D:5      | Killed Edmund
  5138 | D:5      | Reached XP level 8. HP: 15/59 MP: 3/11
  5380 | D:5      | Reached skill level 10 in Transmutations
  5563 | D:5      | Found a burning altar of Makhleb.
  5671 | D:5      | Noticed Duvessa
  5676 | D:5      | Noticed Dowan
  5681 | D:5      | Killed Duvessa
  5683 | D:5      | Killed Dowan
  5782 | D:5      | Learned a level 5 spell: Blade Hands
  6126 | D:6      | Found a shimmering altar of Xom.
  6153 | D:6      | Killed Grinder
  6153 | D:6      | Reached skill level 11 in Transmutations
  6236 | D:6      | Reached XP level 9. HP: 53/68 MP: 8/13
  6593 | D:7      | Found a snail-covered altar of Cheibriados.
  7423 | D:7      | Found a staircase to the Ecumenical Temple.
  7432 | Temple   | Entered the Ecumenical Temple
  7493 | Temple   | Became a worshipper of Warmaster Okawaru
  7893 | D:7      | Reached skill level 5 in Unarmed Combat
  7902 | D:7      | Reached * piety under Okawaru
  8166 | D:8      | Reached skill level 5 in Spellcasting
  8170 | D:8      | Reached ** piety under Okawaru
  8170 | D:8      | Reached XP level 10. HP: 80/80 MP: 8/17
  8214 | D:8      | Noticed Grum
  8235 | D:8      | Killed Grum
  8496 | D:8      | Found a deep blue altar of Sif Muna.
  8499 | D:8      | Found a hide-covered altar of Uskayaw.
  8503 | D:8      | Found a white marble altar of Elyvilon.
  8510 | D:8      | Found a sacrificial altar of Ru.
  8523 | D:8      | Found an opulent altar of Gozag.
  9043 | D:8      | Reached skill level 1 in Invocations
  9052 | D:8      | Reached *** piety under Okawaru
  9052 | D:8      | Reached skill level 5 in Fighting
  9208 | D:8      | HP: 4/81 [wight/mace of freezing (1)]
  9579 | D:8      | Found a shimmering altar of Xom.
 10300 | D:9      | Found a bloodstained altar of Trog.
 10380 | D:9      | Reached **** piety under Okawaru
 10505 | D:9      | Noticed a three-headed hydra
 11140 | D:10     | Entered Level 10 of the Dungeon
 11259 | D:10     | Reached XP level 11. HP: 86/89 MP: 17/21
 11279 | D:10     | Found Gipaadoihy's Book Shoppe.
 11279 | D:10     | Found Rimaran's Assorted Antiques.
 11286 | D:10     | Found Demminu's Antique Weapon Shoppe.
 11286 | D:10     | Found Uzoskal's Assorted Antiques.
 11330 | D:10     | Bought a scroll labeled VUP WOKHEWUMEE for 34 gold pieces
 11485 | D:10     | Reached ***** piety under Okawaru
 11708 | D:10     | Got a warped cloak
 11709 | D:10     | Identified the cursed -2 cloak of a ziggurat {rPois rN+ Str+5 Dex-3} (You found it on level 10 of the Dungeon)
 11853 | D:11     | Noticed an unseen horror
 11860 | D:11     | Killed an unseen horror
 11891 | D:11     | Received a gift from Okawaru
 11892 | D:11     | Reached skill level 12 in Transmutations
 12175 | D:11     | Found a staircase to the Lair.
 12325 | D:11     | Noticed a purple ugly thing
 12338 | D:11     | Noticed a hill giant
 12344 | D:11     | Killed a purple ugly thing
 12378 | D:11     | Killed a hill giant
 12526 | D:11     | Found a staircase to the Orcish Mines.
 12578 | D:11     | Reached skill level 5 in Invocations
 12977 | Orc:1    | Entered Level 1 of the Orcish Mines
 13357 | Orc:1    | Found a bloodstained altar of Trog.
 13434 | Orc:2    | Entered Level 2 of the Orcish Mines
 13563 | Orc:2    | Noticed an orc warlord
 13710 | Orc:1    | Noticed a centaur warrior
 13856 | Orc:1    | Killed a centaur warrior
 14020 | Orc:2    | Noticed an orc knight
 14023 | Orc:2    | Noticed an orc knight
 14032 | Orc:1    | Killed an orc knight
 14032 | Orc:1    | Received a gift from Okawaru
 14032 | Orc:1    | Reached XP level 12. HP: 17/100 MP: 20/24
 14410 | Orc:1    | Slain by an orc knight

Vault maps used:
D:1:      lightli_arrival_quake, minivault_19
D:2:      first_bread, xom_teletrap_fun, uniq_terence, uniq_iyjb
D:3:      lemuel_zombie_altar_kikubaaqudgha, nemelex_spade_bored_becter
D:4:      lemuel_round_altar
D:5:      kennysheep_mini, grunt_dithmenos_smoke, uniq_grinder, uniq_duvessa,
          uniq_edmund
D:6:      basic_altar
D:7:      slow_altar_2, roderic_greek_sauvastika, st_stairs_4
D:8:      overflow_temple_1_default, grunt_temple_overflow_open, basic_altar,
          uniq_grum
D:9:      lemuel_crystal_altar, hangedman_ranch, kennysheep_generic_room_5
D:10:     minmay_shop_grid_forest
D:11:     lair_0_dummy, minmay_misc_feat_alley
Temple:   minmay_temple_curvy_loop
Orc:1:    trog_book
Orc:2:    st_orc_town, bloody_makhleb, uniq_snorg

Skill      XL: |  1  2  3  4  5  6  7  8  9 10 11 |
---------------+----------------------------------+-----
Transmutations | 3 4 5 6 7 9 11 12 | 12.3
Fighting       | 2 4 5 7 |  7.5
Spellcasting   | 3 5 6 8 |  8.1
Dodging        | 2 3 4 |  4.4
Unarmed Combat | 6 7 9 |  9.1
Invocations    | 3 5 |  5.9

Action                   |  1- 3 |  4- 6 |  7- 9 | 10-12 || total
-------------------------+-------+-------+-------+-------++-------
Melee: Unarmed           |    93 |   249 |   365 |   513 ||  1220
       Kick              |     4 |    22 |       |       ||    26
       Headbutt          |     4 |     9 |     2 |     5 ||    20
       Tailslap          |     6 |    28 |    19 |    40 ||    93
       Punch             |     2 |     4 |     1 |     8 ||    15
 Cast: Beastly Appendage |    16 |    23 |     4 |     2 ||    45
       Sticks to Snakes  |     3 |     9 |    13 |    39 ||    64
       Spider Form       |       |    15 |    19 |    13 ||    47
       Blade Hands       |       |       |    15 |    44 ||    59
Invok: Heroism           |       |       |       |     1 ||     1
       Finesse           |       |       |       |     1 ||     1
  Use: Scroll            |       |       |       |     1 ||     1
 Stab: Sleeping          |       |     2 |     1 |     1 ||     4
       Distracted        |       |       |       |     2 ||     2
  Eat: Chunk             |     1 |    12 |    21 |    33 ||    67
       Fruit             |       |       |     2 |       ||     2
       Pizza             |       |       |     1 |     1 ||     2
       Royal jelly       |       |       |       |     1 ||     1
Armor: Skin              |    21 |    69 |    98 |   152 ||   340
Dodge: Dodged            |    58 |   145 |   213 |   350 ||   766
Block: Buckler           |       |       |       |     4 ||     4
